 Dungeon Crawl Stone Soup version 0.31.0-11-ge490571c62 (webtiles) character file.

Game seed: 13205040769372594845

72 qw the Shooter (level 4, -2/25 HPs)
             Began as a Deep Elf Hunter on Feb 4, 2024.
             Slain by an adder (3 damage)
             ... on level 3 of the Dungeon.
             The game lasted 00:00:05 (1539 turns).

qw the Shooter (Deep Elf Hunter)                    Turns: 1539, Time: 00:00:06

Health: -2/25      AC:  5    Str: 10    XL:     4   Next: 7%
Magic:  6/6        EV: 11    Int: 14    God:
Gold:   58         SH:  0    Dex: 18    Spells: 3/3 levels left

rFire   . . .        a - +1 shortbow
rCold   . . .        (shield currently unavailable)
rNeg    . . .        e - +0 ring mail
rPois   .            (no helmet)
rElec   .            (no cloak)
rCorr   .            (no gloves)
SInv    .            (no boots)
Will    .....        (no amulet)
Stlth   +            (no ring)
HPRegen 0.24/turn    (no ring)
MPRegen 0.10/turn

%: no passive effects
@: lethally poisoned (-2 -> -7), about to teleport
A: no striking features
a: no special abilities


You were on level 3 of the Dungeon.
You visited 1 branch of the dungeon, and saw 3 of its levels.

You collected 160 gold pieces.
You spent 102 gold pieces at shops.


   Skills:
 - Level 1.5 Fighting
 + Level 7.5 Ranged Weapons
 - Level 2.4 Dodging
 - Level 1.2 Stealth


You had 3 spell levels left.
You didn't know any spells.
Your spell library was empty.

Inventory:

Hand Weapons
 a - a +1 shortbow (weapon)
Armour
 e - a +0 ring mail (worn)
Potions
 b - a potion of curing
 k - a potion of enlightenment {unknown}
 l - a potion of lignification {unknown}

Dungeon Overview and Level Annotations

Branches:
Dungeon (3/15)

Altars:

Shops:
D:2 !(?

Annotations:
D:3 Terence


Message History

Enter note:
Enter note:
Enter note:
Enter note:
Enter note:
Enter note:
Enter note:
Enter note:
Enter note:
Enter note:
Enter note:
Enter note: You climb downwards.
You hear the sound of rushing water.
There is an entrance to a sewer on this level.
Hurry and find it before the portal rusts away!
Level annotation: Terence The adder closely misses you.
There is a stone staircase leading up here.
You shoot an arrow.
The arrow hits Terence but does no damage.
The adder bites you but does no damage.
Terence hits you with a +3 short sword of electrocution.
The adder closely misses you.
You shoot an arrow. The arrow hits Terence.
Terence is moderately wounded.
Terence misses you. The adder barely misses you.
You shoot an arrow. The arrow hits Terence.
Terence is heavily wounded.
The adder bites you.
You are poisoned.
The adder poisons you!
Terence hits you with a +3 short sword of electrocution.
You are electrocuted!
The adder bites you.
1539 ||| READING scroll of teleportation.
As you read the scroll of teleportation, it crumbles to dust.
You feel strangely unstable.
You feel sick.
Terence hits you with a +3 short sword of electrocution.
The adder bites you.
You die...

.. #.# ..#
.. #### .#
...#.######
#..S......
#.@.# #@###
... #.## #.
. #


You could see Terence and an adder.

Vanquished Creatures
  3 adders (D:2)
  A ribbon worm (D:2)
  A dart slug (D:2)
  3 bats
  5 endoplasms
  3 giant cockroaches
  3 goblins (D:2)
  2 hobgoblins (D:2)
  6 jackals (D:1)
  3 kobolds (D:1)
  A quokka (D:2)
  2 frilled lizards
  5 rats
38 creatures vanquished.

Notes
Turn   | Place    | Note
-------+----------+-------------------------------------------
     0 | D:1      | qw the Deep Elf Hunter began the quest for the Orb.
     0 | D:1      | Reached XP level 1. HP: 12/12 MP: 3/3
     0 | D:1      | 0 ||| qw: Version: 0.3-a-160-g6735b56
     0 | D:1      | 0 ||| qw: Game counter: 5417
     0 | D:1      | 0 ||| qw: Melee chars always use a shield: true
     0 | D:1      | 0 ||| qw: God list: Okawaru
     0 | D:1      | 0 ||| qw: Allow faded altars: false
     0 | D:1      | 0 ||| qw: Do Orc after clearing Dungeon:15 true
     0 | D:1      | 0 ||| qw: Do second Lair branch before Depths: true
     0 | D:1      | 0 ||| qw: Lair rune preference: random
     0 | D:1      | 0 ||| qw: Goals: Normal
     0 | D:1      | 0 ||| PLANNING D:1-11
   116 | D:1      | Reached skill level 6 in Ranged Weapons
   116 | D:1      | Reached XP level 2. HP: 16/16 MP: 4/4
   194 | D:1      | Found a faded altar of an unknown god.
   445 | D:1      | 445 ||| UPGRADING to +0 ring mail.
   455 | D:1      | 455 ||| DROPPING +0 leather armour.
   456 | D:1      | 456 ||| DROPPING scroll of butterflies.
   487 | D:2      | Found Owni's Distillery.
   503 | D:2      | 503 ||| BUYING potion of curing (42 gold).
   503 | D:2      | Bought a potion of curing for 42 gold pieces
   503 | D:2      | 503 ||| SHOPLISTING potion of haste (140 gold, have 45).
   503 | D:2      | 503 ||| SHOPLISTING potion of might (56 gold, have 45).
   545 | D:2      | Reached XP level 3. HP: 17/20 MP: 5/5
   647 | D:2      | Reached skill level 7 in Ranged Weapons
   911 | D:2      | Found Dette's Weapon Shoppe.
   919 | D:2      | 919 ||| SHOPLISTING +7 triple crossbow of Emyq {drain,
                  | ^Contam rElec rN+ SInv} (698 gold, have 104).
  1025 | D:2      | HP: 5/20 [poisoned by an adder]
  1140 | D:2      | Reached XP level 4. HP: 12/25 MP: 6/6
  1210 | D:2      | Found Tuadeagips's Magic Scroll Shoppe.
  1214 | D:2      | 1214 ||| BUYING scroll of identify (24 gold).
  1214 | D:2      | Bought a scroll of identify for 24 gold pieces
  1214 | D:2      | 1214 ||| BUYING scroll of teleportation (36 gold).
  1214 | D:2      | Bought a scroll of teleportation for 36 gold pieces
  1440 | D:2      | 1440 ||| READING scroll of identify.
  1440 | D:2      | 1440 ||| IDENTIFYING blue potion
  1441 | D:2      | 1441 ||| READING scroll labelled YTUONO ZE VUD.
  1442 | D:2      | 1442 ||| READING scroll labelled NODISO XOAKYCUTH.
  1443 | D:2      | 1443 ||| READING scroll labelled MAQOCEYREKAK.
  1444 | D:2      | 1444 ||| READING scroll labelled HUXOUMIZEAS.
  1444 | D:2      | 1444 ||| ENCHANTING +0 shortbow.
  1445 | D:2      | 1445 ||| READING scroll labelled ZOUSOCW KAKOTE.
  1446 | D:2      | 1446 ||| DRINKING 2 murky blue potions.
  1447 | D:2      | 1447 ||| FLEEEEING.
  1448 | D:2      | 1448 ||| FLEEEEING.
  1449 | D:2      | 1449 ||| FLEEEEING.
  1450 | D:2      | 1450 ||| FLEEEEING.
  1451 | D:2      | 1451 ||| FLEEEEING.
  1452 | D:2      | 1452 ||| FLEEEEING.
  1453 | D:2      | 1453 ||| FLEEEEING.
  1454 | D:2      | 1454 ||| FLEEEEING.
  1455 | D:2      | 1455 ||| FLEEEEING.
  1456 | D:2      | 1456 ||| FLEEEEING.
  1457 | D:2      | 1457 ||| FLEEEEING.
  1458 | D:2      | 1458 ||| STAIRDANCE
  1508 | D:1      | 1508 ||| DROPPING potion of attraction.
  1509 | D:1      | 1509 ||| DROPPING potion of berserk rage.
  1531 | D:3      | Noticed Terence
  1532 | D:3      | 1532 ||| PLANNING SEWER
  1532 | D:3      | 1532 ||| STAIRDANCE
  1538 | D:3      | HP: 6/25 [Terence/+3 short sword of electrocution (12)]
  1539 | D:3      | 1539 ||| READING scroll of teleportation.
  1539 | D:3      | HP: 1/25 [Terence/+3 short sword of electrocution (3)]
  1539 | D:3      | Slain by an adder

Levels and vault maps discovered:
D:1:      lemuel_arrival_funnel, layout_rooms, basic_ecumenical_altar,
          minmay_misc_feat_nine_boxes
D:2:      wad_crossroads, layout_basic, serial_shops, shop, shop, shop,
          nicolae_wormholes
D:3:      layout_rooms, mainiacjoe_sewer_entry_somewhere_in_here_2,
          uniq_terence, uniq_sigmund

Skill      XL: |  1  2  3 |
---------------+----------+-----
Ranged Weapons | 6 7 |  7.5
Fighting       | |  1.5
Dodging        | |  2.4
Stealth        | |  1.2

Action                     |  1- 3 |  4- 6 || total
---------------------------+-------+-------++-------
   Fire: Shortbow          |   103 |     5 ||   108
    Use: Scroll            |       |     7 ||     7
         Potion            |       |     1 ||     1
 Armour: Ring mail         |    27 |     8 ||    35
         Leather armour    |     1 |       ||     1
  Dodge: Dodged            |    19 |     4 ||    23

Table legend:
 A = Non-vault XP
 B = Vault XP
 C = Vault XP percentage of total XP
 D = Non-vault monster count
 E = Vault monster count
 F = Vault count percentage of total count
                 A         B        C        D         E       F
            +---------+---------+-------+---------+---------+-------
      Total |      92 |      12 |  11.5 |      33 |       5 |  13.2
            +---------+---------+-------+---------+---------+-------
        D:1 |      28 |       0 |   0.0 |      16 |       0 |   0.0
        D:2 |      64 |      12 |  15.8 |      17 |       5 |  22.7
            +---------+---------+-------+---------+---------+-------
